 Dungeon Crawl Stone Soup version 0.28.0-53-g5a82cb258f (webtiles) character file.

Game seed: 205925801548200199

81 Infinimo the Cudgeller (level 4, -2/52 HPs)
             Began as an Ogre Gladiator on May 29, 2022.
             Slain by an orc
             ... wielding a +2 flail of protection
              (7 damage)
             ... on level 2 of the Dungeon.
             The game lasted 00:02:29 (2387 turns).

Infinimo the Cudgeller (Ogre Gladiator)             Turns: 2387, Time: 00:02:29

Health: -2/52      AC:  4    Str: 20    XL:     4   Next: 42%
Magic:  3/3        EV: 10    Int:  9    God:
Gold:   57         SH:  0    Dex: 10    Spells: 3/3 levels left

rFire   + . .      SeeInvis .   a - +0 flail
rCold   . . .      Faith    .   (no shield)
rNeg    . . .      Spirit   .   b - +0 robe
rPois   .          Reflect  .   c - +1 hat
rElec   .          Harm     .   (no cloak)
rCorr   .          Rampage  .   (gloves unavailable)
Will    .....                   (boots unavailable)
Stlth   +.........              (no amulet)
HPRegen 0.17/turn               (no ring)
MPRegen 0.08/turn               (no ring)

@: no status effects
A: large, unfitting armour, tough skin 1, fire resistance 1, low MP 1, robust 1
a: no special abilities


You were on level 2 of the Dungeon.
You visited 1 branch of the dungeon, and saw 2 of its levels.

You collected 57 gold pieces.

Inventory:

Hand Weapons
 a - a +0 flail (weapon)
Missiles
 d - 3 throwing nets (quivered)
Armour
 b - a +0 robe (worn)
 c - a +1 hat (worn)
Scrolls
 g - 2 scrolls of teleportation
 h - a scroll of identify
Potions
 f - a potion of lignification {unknown}
 k - 2 potions of brilliance
 l - a potion of heal wounds {unknown}


   Skills:
 + Level 4.0 Fighting
 * Level 4.1 Maces & Flails
 - Level 2.0 Throwing
 - Level 2.7 Dodging


You had 3 spell levels left.
You didn't know any spells.
Your spell library contained the following spells:

 Spells                   Type           Power      Damage    Failure   Level
 Stone Arrow              Conj/Erth      0%         3d7       77%         3
 Animate Armour           Summ/Erth      0%         N/A       99%         4
 Lehudib's Crystal Spear  Conj/Erth      0%         10d2      100%        8


Dungeon Overview and Level Annotations

Branches:
Dungeon (2/15)

Altars:


Innate Abilities, Weirdness & Mutations

You are too large for most types of armour.
You have tough skin. (AC +1)
Your flesh is heat resistant. (rF+)
Your magical capacity is low. (-10% MP)
You are robust. (+10% HP)


Message History

You barely miss the orc.
The orc is heavily wounded.
The orc hits you with a +0 whip.
You hit the orc.
The orc is almost dead.
The orc hits you with a +0 whip.
You barely miss the orc.
The orc is almost dead.
The orc hits you with a +0 whip.
You closely miss the orc.
The orc is almost dead.
The orc misses you.
You hit the orc.
You kill the orc!
No target in view!
An orc comes into view.
It is wielding a +2 flail of protection.
The orc shouts!
Items here: ))) [ †.
You hit the orc but do no damage. The orc hits you but does no damage.
You hit the orc.
The orc is lightly wounded.
The orc hits you with a +2 flail of protection!
You closely miss the orc.
The orc is lightly wounded.
The orc hits you with a +2 flail of protection.
You are too injured to fight recklessly!
You are too injured to fight recklessly!
You completely miss the orc.
The orc is lightly wounded.
The orc barely misses you.
You hit the orc but do no damage.
The orc is lightly wounded.
The orc hits you with a +2 flail of protection! x2
* * * LOW HITPOINT WARNING * * *
The orc hits you with a +2 flail of protection!
* * * LOW HITPOINT WARNING * * *
It was a potion of mutation.
You feel extremely strange.
You feel less energetic.
You feel resistant to heat.
You feel robust.
The orc hits you with a +2 flail of protection!
You die...

#...................# ##....#
#.###.####.....#..#.#####.....#
#.# #.#......#................#
#.# #.#.##...#.#'#'#'#†#†#....#
#.# #.#........#†#.#†#.#.#....#
#.#
#...##.#...###########....##
#.# ###.##.##..#
#.#.#.#.#...[.. #.#
#.##.##..#+#'#'#'#'#....#. #.#
#.##.##).@o..........####. #.#
#.##......###############.
#.#####.#####...# ####........
#.......# #...# #....#####..
######### #########....#......
#......##.......#.<.
#......##...##..#..#
#......#######..#..#
#......#######..#..#


You could see an orc.

Vanquished Creatures
  2 adders (D:2)
  4 dart slugs
  3 orcs (D:2)
  4 bats
  An endoplasm (D:2)
  2 giant cockroaches
  8 goblins
  3 hobgoblins (D:1)
  3 kobolds (D:1)
  4 quokkas
  2 ball pythons (D:1)
  6 frilled lizards
  12 rats
54 creatures vanquished.

Notes
Turn   | Place    | Note
-------+----------+-------------------------------------------
     0 | D:1      | Infinimo the Ogre Gladiator began the quest for the Orb.
     0 | D:1      | Reached XP level 1. HP: 22/22 MP: 1/1
   265 | D:1      | Reached XP level 2. HP: 24/31 MP: 2/2
   763 | D:1      | Reached XP level 3. HP: 37/37 MP: 3/3
  1435 | D:2      | Reached XP level 4. HP: 45/48 MP: 4/4
  2387 | D:2      | Gained mutation: Your magical capacity is low. (-10% MP)
                  | [potion of mutation]
  2387 | D:2      | Gained mutation: Your flesh is heat resistant. (rF+)
                  | [potion of mutation]
  2387 | D:2      | Gained mutation: You are robust. (+10% HP) [potion of
                  | mutation]
  2387 | D:2      | Slain by an orc

Illustrated notes

Levels and vault maps discovered:
D:1:      dpeg_arrival_simpleton_b, layout_basic, st_stairs_7
D:2:      layout_basic, minmay_rat_gold_closets

Skill      XL: |  1  2  3  4 |
---------------+-------------+-----
Fighting       | 3 4 |  4.0
Maces & Flails | 3 4 |  4.1
Throwing       | |  2.0
Dodging        | |  2.7

Action                   |  1- 3 |  4- 6 || total
-------------------------+-------+-------++-------
Melee: Flail             |   106 |    59 ||   165
       Punch             |     2 |       ||     2
  Use: Scroll            |       |     4 ||     4
       Potion            |       |     1 ||     1
 Stab: Sleeping          |       |     2 ||     2
Armor: Robe              |    37 |    13 ||    50
Dodge: Dodged            |    59 |    22 ||    81
